 Dungeon Crawl Stone Soup version 0.29-a0-542-g075992c915 (webtiles) character file.

Game seed: 18392018149696162030

37 Querens the Shield-Bearer (level 3, -4/30 HPs)
             Began as a Formicid Fighter on June 4, 2022.
             Killed from afar by Sigmund (8 damage)
             ... with a puff of flame
             ... on level 2 of the Dungeon.
             The game lasted 00:03:26 (689 turns).

Querens the Shield-Bearer (Formicid Fighter)         Turns: 689, Time: 00:03:27

Health: -4/30      AC:  7    Str: 22    XL:     3   Next: 60%
Magic:  3/3        EV:  9    Int:  7    God:
Gold:   63         SH:  4    Dex: 10    Spells: 2/2 levels left

rFire   . . .      SeeInvis +   a - +0 war axe
rCold   . . .      Faith    .   c - +0 buckler
rNeg    . . .      Spirit   .   b - +0 scale mail
rPois   .          Reflect  .   (helmet unavailable)
rElec   .          Harm     .   (no cloak)
rCorr   .          Rampage  .   (no gloves)
Will    .....                   (no boots)
Stlth   ..........              (no amulet)
HPRegen 0.10/turn               (no ring)
MPRegen 0.08/turn               (no ring)

@: mighty, brilliant
A: permanent stasis, dig shafts and tunnels, antennae 3, four strong arms,
subdued magic 1
a: Dig, Shaft Self


You were on level 2 of the Dungeon.
You visited 1 branch of the dungeon, and saw 2 of its levels.

You collected 63 gold pieces.

Inventory:

Hand Weapons
 a - a +0 war axe (weapon)
Armour
 b - a +0 scale mail (worn)
 c - a +0 buckler (worn)
Scrolls
 e - a scroll of immolation {unknown}
 f - 2 scrolls of identify {unknown}
 h - a scroll of poison {unknown}
 j - 2 scrolls of teleportation {unknown}
 k - a scroll of enchant weapon {unknown}
 n - a scroll of amnesia {unknown}
 p - a scroll of acquirement {unknown}


   Skills:
 + Level 3.7 Fighting
 + Level 2.5 Axes
 + Level 3.7 Armour
 + Level 4.5 Shields


You had 2 spell levels left.
You didn't know any spells.
Your spell library contained the following spells:

 Spells                   Type           Power      Damage    Failure   Level
 Ozocubu's Armour         Ice            0%         N/A       99%         3
 Olgreb's Toxic Radiance  Pois           0%         N/A       100%        4
 Metabolic Englaciation   Hex/Ice        0%         N/A       100%        5
 Simulacrum               Ice/Necr       0%         N/A       100%        6
 Ozocubu's Refrigeration  Ice            0%         4d5       100%        7
 Ignition                 Fire           0%         3d3       100%        8


Dungeon Overview and Level Annotations

Branches:
Dungeon (2/15)

Altars:

Annotations:
D:2 Sigmund


Innate Abilities, Weirdness & Mutations

You cannot be hasted, slowed, berserked, paralysed or teleported.
You can dig through walls and to a lower floor.
You have a pair of large antennae on your head. (SInv)
Your four strong arms can wield two-handed weapons with a shield.
Your spells are a little easier to cast, but a little less powerful.


Message History

Sigmund hits you with a +0 scythe.
* * * LOW HITPOINT WARNING * * *
It was a potion of berserk rage.
Your stasis prevents you from going berserk.
It was a potion of mutation.
You feel extremely strange.
You feel weaker.
Your connection to magic feels subdued.
You feel stronger. Sigmund misses you.
You barely miss Sigmund. You block Sigmund's attack.
You closely miss Sigmund. Sigmund closely misses you.
You closely miss Sigmund. You block Sigmund's attack.
You hit Sigmund.
Sigmund is moderately wounded.
Sigmund gestures at you while chanting.
You are confused.
You closely miss Sigmund.
Sigmund is moderately wounded.
Sigmund closely misses you.
You bump into the rock wall.
Sigmund completely misses you.
You bump into the rock wall.
Sigmund hits you but does no damage. Sigmund closely misses you.
You bump into the rock wall.
You feel less confused.
You slash Sigmund!
Sigmund is almost dead.
Sigmund closely misses you.
You closely miss Sigmund.
Sigmund is almost dead.
Sigmund barely misses you.
You closely miss Sigmund.
Sigmund is almost dead.
Sigmund barely misses you.
You barely miss Sigmund.
Sigmund is almost dead.
Sigmund hits you with a +0 scythe!
* * * LOW HITPOINT WARNING * * *
You closely miss Sigmund.
Sigmund is almost dead.
Sigmund casts a spell at you. The puff of flame hits you!
You die...

### #.. #.#
########### #.#
#.........# #@#
###....####.# #@#
#......####.# #.#
#.#....#....####.#
#.#....#.#.......#
....<..#....#.####
#..........##.#
#....>.........
##.............. {
##...............


You could see Sigmund.

Vanquished Creatures
  An adder (D:2)
  A worm (D:2)
  2 ball pythons (D:1)
  2 bats
  An endoplasm (D:2)
  4 goblins
  3 hobgoblins
  5 kobolds
  A quokka (D:1)
  2 frilled lizards (D:1)
  A rat (D:1)
23 creatures vanquished.

Notes
Turn   | Place    | Note
-------+----------+-------------------------------------------
     0 | D:1      | Querens the Formicid Fighter began the quest for the Orb.
     0 | D:1      | Reached XP level 1. HP: 18/18 MP: 1/1
    87 | D:1      | Reached XP level 2. HP: 24/24 MP: 2/2
   298 | D:1      | Found a faded altar of an unknown god.
   510 | D:2      | Reached XP level 3. HP: 21/29 MP: 3/3
   654 | D:2      | Noticed Sigmund
   674 | D:2      | Gained mutation: You are weak. (Str -2) [potion of
                  | mutation]
   674 | D:2      | Gained mutation: Your spells are a little easier to cast,
                  | but a little less powerful. [potion of mutation]
   674 | D:2      | Lost mutation: You are weak. (Str -2) [potion of mutation]
   689 | D:2      | Killed from afar by Sigmund

Illustrated notes

Levels and vault maps discovered:
D:1:      sevenhm_arrival_forest_fort_small_6, layout_basic,
          hellmonk_ecumenical_altar_run_dry, minmay_door_square
D:2:      wander_river, layout_basic, uniq_crazy_yiuf_cottage, uniq_sigmund

Action                   || total
-------------------------++-------
Melee: War axe           ||    91
  Use: Potion            ||     6
Armor: Scale mail        ||    41
Dodge: Dodged            ||    45
Block: Buckler           ||    16

Table legend: (Time is in decaauts)
 A = Elapsed time spent in this place.
 B = Non-inter-level travel time spent in this place.
 C = Inter-level travel time spent in this place.
 D = Time resting spent in this place.
 E = Time spent auto-exploring this place.
 F = Levels seen in this place.
 G = Mean time per level.
                   A        B        C        D        E       F      G
               +--------+--------+--------+--------+--------+-----+--------+
         Total |    726 |    718 |      8 |      0 |      0 |   2 |  363.0 |
       Dungeon |    726 |    718 |      8 |      0 |      0 |   2 |  363.0 |
               +--------+--------+--------+--------+--------+-----+--------+

Top non-repeatable levels by time:
     D:1: 441 daAuts
     D:2: 284 daAuts
